 Dungeon Crawl Stone Soup version 0.27.1-33-g824d729ab1 (webtiles) character file.

Game seed: 2954859710095214779

176 erik8world the Magician (level 5, 0/35 HPs)
             Began as a Djinni Ice Elementalist on Dec 19, 2021.
             Was an Initiate of Ashenzari.
             Slain by a phantom (2 damage)
             ... on level 4 of the Dungeon on Dec 20, 2021.
             The game lasted 00:15:40 (4804 turns).

erik8world the Magician (Djinni Ice Elementalist)   Turns: 4804, Time: 00:15:40

Health: 0/35       AC:  3    Str:  7    XL:     5   Next: 86%
Gold:   126        EV: 12    Int: 17    God:    Ashenzari [......] SH:  0 Dex: 14

rFire    + + .     SeeInvis .   h - +2 dagger (drain)
rCold    x . .     Faith    .   (no shield)
rNeg     . . .     Spirit   .   a - +0 robe
rPois    ∞         Reflect  .   (no helmet)
rElec    .         Harm     .   (no cloak)
rCorr    .         Rampage  .   k - +0 pair of gloves
Will     .....                  (boots unavailable)
Stlth    ++........             (no amulet)
HPRegen  0.11/turn              (no ring)
MPRegen  0.00/turn              (no ring)

@: flying
A: sickness immunity, fire resistance 2, cold vulnerability 1, float, innate
caster, hp casting, extra vitality 1
a: Renounce Religion


You were on level 4 of the Dungeon.
You worshipped Ashenzari.
Ashenzari was noncommittal.
You visited 1 branch of the dungeon, and saw 4 of its levels.

You collected 126 gold pieces.

Inventory:

Hand Weapons
 b - a +0 dagger of draining
 h - a +2 dagger of draining (weapon)
Missiles
 c - 67 stones
Armour
 a - a +0 robe (worn)
 k - a +0 pair of gloves (worn)
Scrolls
 d - a scroll of enchant weapon
 e - a scroll of blinking
 g - a scroll of noise
 j - a scroll of identify
 l - a scroll of summoning
 m - a scroll of enchant armour
 p - a scroll of immolation
Potions
 f - 3 potions of flight
 i - 2 potions of invisibility
 n - 2 potions of ambrosia
 o - a potion of brilliance
 q - a potion of haste
 r - a potion of heal wounds
 s - a potion of curing


   Skills:
 + Level 0.1 Fighting
 + Level 0.2 Short Blades
 * Level 2.5 Dodging
 + Level 2.1 Stealth
 * Level 4.9 Spellcasting


You couldn't memorise any spells.
You knew the following spells:

 Your Spells              Type           Power      Damage    Failure   Level
a - Freeze                Ice            84%        1d10      1%          1
b - Frozen Ramparts       Ice            42%        1d6       5%          3
c - Ozocubu's Armour      Ice            21%        N/A       5%          3
d - Hailstorm             Conj/Ice       21%        3d6       19%         4
e - Foxfire               Conj/Fire      84%        2x1d8     1%          1
f - Passwall              Tmut/Erth      17%        N/A       2%          2
Your spell library was empty.

Dungeon Overview and Level Annotations

Branches:
Dungeon (4/15)
 Temple: D:4-7

Altars:
Ashenzari
Cheibriados


Innate Abilities, Weirdness & Mutations

You are immune to sickness and miasma.
You are immune to poison.
Your flesh is very heat resistant. (rF++)
You are vulnerable to cold. (rC-)
You float through the air rather than walking.
You learn spells naturally, not from books.
Your magical power is your life essence.
You have superior vitality. (+4 HP)


Message History

You freeze the phantom.
The phantom resists.
The phantom is lightly damaged.
The phantom hits you!
Aiming: Freeze (safe; 1% risk of failure)
Press: ? - help, Q - select action, (/) - cycle Shift-Dir - straight line, f/p - phantom
Aim: a phantom (lightly damaged)
You freeze the phantom but do no damage.
The phantom completely resists.
The phantom hits you.
Aiming: Freeze (safe; 1% risk of failure)
Press: ? - help, Q - select action, (/) - cycle Shift-Dir - straight line, f/p - phantom
Aim: a phantom (lightly damaged)
You freeze the phantom.
The phantom resists.
The phantom is lightly damaged.
The phantom hits you.
* * * LOW HITPOINT WARNING * * *
The phantom blinks!
You blink.
Unknown command.
Unknown command.
Casting: Freeze (safe; 1% risk of failure)
Confirm with . or Enter, or press ? or * to list all spells.
The spell is extremely dangerous to cast (19% risk of failure)!
Continue anyway? [Y]es or [N]o only, please.
The spell is extremely dangerous to cast (19% risk of failure)!
Continue anyway?
Casting: Hailstorm (extremely dangerous; 19% risk of failure)
Press: ? - help, Dir - look around, f - activate A cannonade of hail descends around you!
The hail pelts the quokka!
You kill the quokka!
* * * LOW HITPOINT WARNING * * *
The phantom hits you.
* * * LOW HITPOINT WARNING * * *
The phantom hits you.
* * * LOW HITPOINT WARNING * * *
The phantom blinks!
You blink.
The phantom hits you.
* * * LOW HITPOINT WARNING * * *
You see here a quokka corpse.
The phantom hits you.
You die...

#############
#####...>@.......
#.......W....####
#............#
#...†........#
######.....###
#+#...#
+...######
#+##.....####
............#..


You could see a phantom.

Vanquished Creatures
  A howler monkey skeleton (D:3)
  8 adders
  A worm (D:2)
  3 dart slugs
  7 orcs (D:3)
  6 endoplasms
  3 giant cockroaches (D:1)
  3 goblins
  5 hobgoblins
  3 jackals (D:2)
  4 quokkas
  9 ball pythons
  8 bats
  4 frilled lizards
  10 kobolds
  5 rats
80 creatures vanquished.

Vanquished Creatures (others)
  2 fungi (D:2)
  5 plants (D:2)
7 creatures vanquished.

Grand Total: 87 creatures vanquished

Notes
Turn   | Place    | Note
-------+----------+-------------------------------------------
     0 | D:1      | erik8world the Djinni Ice Elementalist began the quest for
                  | the Orb.
     0 | D:1      | Reached XP level 1. HP: 15/15 MP: 0/0
   513 | D:1      | Reached XP level 2. HP: 19/21 MP: 0/0
  1289 | D:1      | Reached XP level 3. HP: 20/25 MP: 0/0
  1289 | D:1      | Learned a level 1 spell: Foxfire
  1855 | D:2      | Reached skill level 4 in Spellcasting
  1861 | D:1      | Reached XP level 4. HP: 11/31 MP: 0/0
  2755 | D:2      | Found a faded altar of an unknown god.
  2770 | D:2      | Reached XP level 5. HP: 33/35 MP: 0/0
  2770 | D:2      | Learned a level 2 spell: Passwall
  2889 | D:2      | Found a snail-covered altar of Cheibriados.
  4260 | D:3      | Found a broken altar of Ashenzari.
  4278 | D:3      | Became a worshipper of Ashenzari the Shackled
  4373 | D:3      | HP: 1/35 [scorpion zombie (1)]
  4781 | D:4      | Noticed a phantom
  4798 | D:4      | HP: 1/35 [phantom (3)]
  4804 | D:4      | Slain by a phantom

Illustrated notes

Levels and vault maps discovered:
D:1:      erik_arrival_triangle_medium, layout_basic, minmay_misc_feat_square
D:2:      layout_rooms, basic_altar, shapermc_ecumenical_altar_mp_urbaneastern
D:3:      layout_basic, marbit_many_paths, dk_noncrumbling_3
D:4:      layout_basic, kennysheep_little_box, temple_hall, serial_shops,
          nicolae_shop_behind_doors, minmay_goblin_kobold_house, uniq_ijyb,
          uniq_pikel

Skill      XL: |  1  2  3  4 |
---------------+-------------+-----
Spellcasting   | 4 |  4.9
Stealth        | 2 |  2.1
Fighting       | |  0.1
Short Blades   | |  0.2
Dodging        | |  2.5

Action                   |  1- 3 |  4- 6 || total
-------------------------+-------+-------++-------
Melee: Dagger            |     5 |    37 ||    42
       Unarmed           |     1 |       ||     1
 Cast: Freeze            |    45 |    79 ||   124
       Ozocubu's Armour  |       |     2 ||     2
       Passwall          |       |     1 ||     1
       Foxfire           |       |     1 ||     1
       Hailstorm         |       |     1 ||     1
       Frozen Ramparts   |       |     1 ||     1
 Stab: Sleeping          |       |     2 ||     2
Armor: Robe              |    10 |    16 ||    26
Dodge: Dodged            |    45 |    62 ||   107
